 Dungeon Crawl Stone Soup version 0.31-a0-1529-g7bd419a0e5 (webtiles) character file.

Game seed: 11697215290251864354

26 Xavori the Trooper (level 3, 19/19 (24) HPs)
             Began as a Djinni Chaos Knight on Dec 31, 2023.
             Was a Plaything of Xom.
             Quit the game on level 1 of the Dungeon.
             The game lasted 00:01:17 (9478 turns).

Xavori the Trooper (Djinni Chaos Knight)            Turns: 9478, Time: 00:01:18

HP:   19/19 (24)    AC:  5    Str: 11    XL:     3   Next: 22%
Gold: 707           EV: 12    Int: 13    God:    Xom [*.....] SH:  0 Dex: 12

rFire   + + .        a - +0 falchion (chaos)
rCold   x . .        (no shield)
rNeg    . . .        b - +2 leather armour
rPois   ∞            (no helmet)
rElec   .            (no cloak)
rCorr   .            (no gloves)
SInv    .            (boots unavailable)
Will    .....        (no amulet)
Stlth   +            (no ring)
HPRegen 0.23/turn    (no ring)
MPRegen 0.00/turn

%: no passive effects
@: flying, heavily drained
A: sickness immunity, fire resistance 2, cold vulnerability 1, float, innate
caster, HP casting, extra vitality 1, clumsy 1, frail 2, mutation resistance 1,
persistent drain
a: Renounce Religion


You were on level 1 of the Dungeon.
You worshipped Xom.
You were a special plaything of Xom.
You visited 1 branch of the dungeon, and saw 2 of its levels.

You collected 707 gold pieces.

Inventory:

Hand Weapons
 a - a +0 falchion of chaos (weapon)
Armour
 b - a +2 leather armour (worn)
Scrolls
 c - a scroll of butterflies
 d - a scroll of teleportation {unknown}
 e - a scroll of silence {unknown}
 f - a scroll of vulnerability {unknown}
 i - a scroll of identify {unknown}
 j - a scroll of immolation {unknown}
 l - a scroll of fog {unknown}
Potions
 g - a potion of attraction {unknown}
 h - a potion of ambrosia {unknown}
 k - a potion of degeneration {unknown}


   Skills:
 + Level 3.2 Fighting
 + Level 2.9 Long Blades
 + Level 1.4 Armour
 + Level 2.5 Dodging
 * Level 1.0 Spellcasting
 * Level 1.0 Conjurations
 * Level 1.0 Hexes
   Level 0.0 Charms
 * Level 1.0 Summonings
 * Level 1.0 Necromancy
 * Level 1.0 Translocations
   Level 0.0 Transmutations
 * Level 1.0 Fire Magic
 * Level 1.0 Ice Magic
 * Level 1.0 Air Magic
 * Level 1.0 Earth Magic
 * Level 1.0 Alchemy


You knew the following spells:

 Your Spells              Type           Power      Damage    Failure   Level
a - Foxfire               Conj/Fire      12%        2x1d4     24%         1
Your spell library was empty.

Dungeon Overview and Level Annotations

Branches:
Dungeon (2/15)

Altars:


Innate Abilities, Weirdness & Mutations

You are immune to sickness and miasma.
You are immune to poison.
Your flesh is very heat resistant. (rF++)
You are vulnerable to cold. (rC-)
You float through the air rather than walking.
You learn spells naturally, not from books.
Your magical power is your life essence.
You have superior vitality. (+4 MHP)
You are clumsy. (Dex -2)
You are very frail. (-20% HP)
You are somewhat resistant to further mutation.
Your health recovers twice as slowly from being drained.


Message History

You start waiting.
Xom is getting BORED.
You start waiting.
Xom is getting BORED.
You start waiting.
Xom is getting BORED.
You start waiting.
You are now a BORING thing.
You start waiting.
You are now a beloved toy of Xom.
You start waiting.
Done waiting.
You start waiting.
Done waiting.
You start waiting.
Done waiting.
You start waiting.
Done waiting.
You start waiting.
Done waiting.
You start waiting.
Done waiting.
You start waiting.
Done waiting.
You start waiting.
Done waiting.
You start waiting.
Done waiting.
You start waiting.
Done waiting.
You start waiting.
Xom smirks.
You detect nothing.
You start waiting.
Xom twists space around you.
Your surroundings suddenly seem different.
You are now a special plaything of Xom.
Unknown command.
Unknown command.
Are you sure you want to abandon this character and quit the game? (Confirm with "yes".)

...:...........♣.....♣~♣PPPPPPP♣~
...............♣......♣~♣PPPPP♣~♣
...............♣......P♣~♣PPP♣~♣P
...............♣......PP♣~♣♣♣~♣PP
...........###..♣....PPPP♣~~~♣PPP
#+#........####..♣..PPPPP♣~<~♣PPP
#+####..........♣...PPPPP♣~~~♣PPP
...............♣.....PPP♣~♣♣♣P♣PP
.............†.♣@.....P♣P♣PPP♣~♣P
......##:......♣......♣~♣PPPPP♣~♣
......##.......♣.....♣~♣PPPPPPP♣~
......##.[......♣...♣~♣.PPPPP.P.♣
......++.........♣♣♣~♣..P.PP.....
......##..........).♣...P........
......##............♣............
....................♣......♣..[..
....#........##......♣....♣.♣....


There were no monsters in sight!

Vanquished Creatures
  3 ball pythons
  An endoplasm (D:1)
  2 giant cockroaches (D:1)
  A goblin (D:1)
  3 hobgoblins (D:1)
  2 quokkas (D:1)
  2 bats
  6 frilled lizards (D:1)
  5 kobolds
  A rat (D:1)
26 creatures vanquished.

Notes
Turn   | Place    | Note
-------+----------+-------------------------------------------
     0 | D:1      | Xavori the Djinni Chaos Knight began the quest for the Orb.
     0 | D:1      | Reached XP level 1. HP: 20/20 MP: 0/0
    29 | D:1      | XOM: silly message
    88 | D:1      | Reached XP level 2. HP: 24/25 MP: 0/0
   470 | D:1      | Reached XP level 3. HP: 30/30 MP: 0/0
   470 | D:1      | Learned a level 1 spell: Foxfire
   540 | D:1      | XOM is BORED!
   540 | D:1      | XOM: silly message
   553 | D:1      | Reached skill level 1 in Spellcasting
   553 | D:1      | Reached skill level 1 in Conjurations
   553 | D:1      | Reached skill level 1 in Hexes
   553 | D:1      | Reached skill level 1 in Summonings
   553 | D:1      | Reached skill level 1 in Necromancy
   553 | D:1      | Reached skill level 1 in Translocations
   553 | D:1      | Reached skill level 1 in Fire Magic
   553 | D:1      | Reached skill level 1 in Ice Magic
   553 | D:1      | Reached skill level 1 in Air Magic
   553 | D:1      | Reached skill level 1 in Earth Magic
   553 | D:1      | Reached skill level 1 in Alchemy
   952 | D:1      | XOM: silly message
  1272 | D:1      | XOM: silly message
  1516 | D:1      | XOM: silly message
  1956 | D:1      | XOM: give mutations
  1956 | D:1      | Gained mutation: You are clumsy. (Dex -2) [Xom's mischief]
  1956 | D:1      | Gained mutation: You have a pair of small antennae on your
                  | head. [Xom's mischief]
  1956 | D:1      | Gained mutation: Your health recovers twice as slowly from
                  | being drained. [Xom's mischief]
  2083 | D:1      | XOM: give mutation
  2130 | D:1      | XOM is BORED!
  2570 | D:1      | XOM: god gift: 657 gold pieces
  2748 | D:1      | XOM: silly message
  3063 | D:1      | XOM: summons 4 hostile shadow creatures
  5219 | D:1      | XOM: draining
  5235 | D:1      | XOM: summons 2 hostile demons
  5572 | D:1      | XOM: give mutations
  5572 | D:1      | Gained mutation: You are frail. (-10% HP) [Xom's mischief]
  5572 | D:1      | Lost mutation: You have a pair of small antennae on your
                  | head. [Xom's mischief]
  5572 | D:1      | Gained mutation: You are somewhat resistant to further
                  | mutation. [Xom's mischief]
  6285 | D:1      | XOM: give mutation
  6285 | D:1      | Gained mutation: You are very frail. (-20% HP) [Xom's
                  | mischief]
  6612 | D:1      | XOM: divination: detect creatures
  8358 | D:1      | XOM is BORED!
  9455 | D:1      | XOM: divination: detect items
  9477 | D:1      | XOM: 1-stop teleportation journey
  9478 | D:1      | Quit the game

Illustrated notes

Levels and vault maps discovered:
D:1:      orjb1_clovarrival, layout_basic
D:2:      layout_basic, kennysheep_boxes

Skill      XL: |  1  2  3 |
---------------+----------+-----
Spellcasting   | 1 |  1.0
Conjurations   | 1 |  1.0
Hexes          | 1 |  1.0
Summonings     | 1 |  1.0
Necromancy     | 1 |  1.0
Translocations | 1 |  1.0
Fire Magic     | 1 |  1.0
Ice Magic      | 1 |  1.0
Air Magic      | 1 |  1.0
Earth Magic    | 1 |  1.0
Alchemy        | 1 |  1.0
Fighting       | |  3.2
Long Blades    | |  2.9
Armour         | |  1.4
Dodging        | |  2.5

Action                     || total
---------------------------++-------
  Melee: Falchion          ||    61
   Stab: Sleeping          ||     1
 Armour: Leather armour    ||    40
  Dodge: Dodged            ||    41

Table legend: (Time is in decaauts)
 A = Elapsed time spent in this place.
 B = Non-inter-level travel time spent in this place.
 C = Inter-level travel time spent in this place.
 D = Time resting spent in this place.
 E = Time spent auto-exploring this place.
 F = Levels seen in this place.
 G = Mean time per level.
                   A        B        C        D        E       F      G
               +--------+--------+--------+--------+--------+-----+--------+
         Total |   9489 |   9452 |     37 |   8628 |    636 |   2 | 4744.5 |
       Dungeon |   9489 |   9452 |     37 |   8628 |    636 |   2 | 4744.5 |
               +--------+--------+--------+--------+--------+-----+--------+

Top non-repeatable levels by time:
     D:1: 9121 daAuts
     D:2: 368 daAuts
